 Dungeon Crawl Stone Soup version 0.27.0-1-g7a089689b8 (webtiles) character file.

Game seed: 685698285295534973

58 inmateoo the Slasher (level 3, -3/29 HPs)
             Began as a Demonspawn Berserker on Aug 5, 2021.
             Was a Believer of Trog.
             Succumbed to a kobold's poison
             ... on level 3 of the Dungeon.
             The game lasted 00:01:14 (1823 turns).

inmateoo the Slasher (Demonspawn Berserker)         Turns: 1823, Time: 00:01:14

Health: -3/29      AC:  2    Str: 18    XL:     3   Next: 76%
Magic:  3/3        EV: 12    Int:  8    God:    Trog [**....]
Gold:   56         SH:  4    Dex: 12    Spells: 2/2 levels left

rFire    . . .     SeeInvis .   a - +0 falchion
rCold    . . .     Faith    .   (no shield)
rNeg     . . .     Spirit   .   b - +0 animal skin
rPois    .         Reflect  .   (no helmet)
rElec    .         Harm     .   (no cloak)
rCorr    .         Rampage  .   (no gloves)
Will     ++...                  (no boots)
Stlth    +.........             (no amulet)
HPRegen  1.09/turn              (no ring)
MPRegen  0.08/turn              (no ring)

@: lethally poisoned (-3 -> -18), strong-willed, regenerating
A: condensation shield
a: Renounce Religion, Berserk, Trog's Hand


You were on level 3 of the Dungeon.
You worshipped Trog.
Trog was pleased with you.
You visited 1 branch of the dungeon, and saw 4 of its levels.

You collected 56 gold pieces.

Inventory:

Hand Weapons
 a - a +0 falchion (weapon)
Armour
 b - a +0 animal skin (worn)
Scrolls
 c - a scroll of fog {unknown}
 d - a scroll of enchant weapon {unknown}
 e - a scroll of identify {unknown}
 f - a scroll of enchant armour {unknown}
Potions
 g - a potion of curing {unknown}


   Skills:
 + Level 3.4 Fighting
 * Level 3.4 Long Blades
 + Level 2.2 Armour
 + Level 2.2 Dodging


You had 2 spell levels left.
You didn't know any spells.
Your spell library was empty.

Dungeon Overview and Level Annotations

Branches:
Dungeon (4/15)
 Temple: D:4-7

Altars:


Innate Abilities, Weirdness & Mutations

A meltable shield of frost defends you. (SH +4)


Message History

The kobold barely misses you.
There is a stone staircase leading up here.
The hound skeleton barely misses you. The hound skeleton bites you.
The kobold hits you with a +1 dagger of venom.
You climb upwards.
A giant cockroach and an orc come into view.
The orc shouts!
Found a quarterstaff.
There is a stone staircase leading down here.
You hit the giant cockroach.
The giant cockroach is severely wounded.
The giant cockroach misses you.
A quokka comes into view.
The kobold hits you with a +1 dagger of venom.
You are poisoned.
You hit the giant cockroach.
You kill the giant cockroach!
Trog accepts your kill.
You feel sick. The kobold misses you.
You closely miss the orc.
You feel sick. The kobold completely misses you.
The orc hits you with a +0 dagger.
You feel sick.
You feel sick.
Found 3 gold pieces.
You barely miss the kobold.
You feel sick.
The kobold hits you with a +1 dagger of venom.
You are more poisoned.
You feel very sick.
The kobold hits you with a +1 dagger of venom.
You are more poisoned.
The quokka bites you but does no damage.
* * * LOW HITPOINT WARNING * * *
You feel very sick.
* * * LOW HITPOINT WARNING * * *
You feel very sick.
The kobold throws a poisoned dart.
The poisoned dart hits you!
You are more poisoned.
Your skin crawls.
You feel strong-willed.
You die...

.. #. .. #. #.#
#. #.#
######.##.#
........#.#
........#.######
........@.......
.......r#.#######
$......K#>.......
.......o.).......
.................
#.######.........
# ####.##### .#
..


You could see an orc, a quokka and a kobold.

Vanquished Creatures
  A gnoll (D:1)
  3 ball pythons (D:1)
  5 endoplasms (D:1)
  2 giant cockroaches
  5 hobgoblins
  3 jackals (D:1)
  A kobold (D:1)
  6 quokkas (D:1)
  3 bats (D:1)
  2 frilled lizards
  7 goblins
  2 rats
40 creatures vanquished.

Notes
Turn   | Place    | Note
-------+----------+-------------------------------------------
     0 | D:1      | inmateoo the Demonspawn Berserker began the quest for the
                  | Orb.
     0 | D:1      | Reached XP level 1. HP: 18/18 MP: 1/1
    54 | D:1      | Gained mutation: A meltable shield of frost defends you.
                  | (SH +4) [demonic ancestry]
    54 | D:1      | Reached XP level 2. HP: 24/24 MP: 2/2
   538 | D:1      | Reached XP level 3. HP: 24/29 MP: 3/3
   663 | D:1      | Reached ** piety under Trog
  1060 | D:1      | Found a faded altar of an unknown god.
  1796 | D:2      | You fall into a shaft and drop 2 floors!
  1822 | D:3      | HP: 1/29 [poisoned by a kobold]
  1823 | D:3      | Succumbed to a kobold's poison

Illustrated notes

Levels and vault maps discovered:
D:1:      shiori_arrival_maze, layout_loops_ring,
          dreamdust_ecumenical_altar_angels_and_demons
D:2:      layout_loops_ring
D:3:      layout_basic, pdpol_temple_overflow_zin_treasury_gozag_greed,
          jmf_multi_god_temple, minmay_liquid_box, uniq_sigmund
D:4:      layout_cave_pools

Skill      XL: |  1 |
---------------+----+-----
Long Blades    | 3 |  3.4
Armour         | 2 |  2.2
Dodging        | 2 |  2.2
Fighting       | |  3.4

Action                   || total
-------------------------++-------
Melee: Falchion          ||   114
Invok: Trog's Hand       ||     1
 Stab: Sleeping          ||     1
Armor: Animal skin       ||    17
Dodge: Dodged            ||    82
Block: Other             ||    25
       Rpst.: Falchion   ||    24
